 Dungeon Crawl Stone Soup version 0.30-b1-2-g02819fbbbe (webtiles) character file.

Game seed: 612921659410591235

1096 Fartwhistle the Skirmisher (level 8, 0/64 HPs)
             Began as a Gnoll Hunter on Sept 12, 2023.
             Was a Believer of Makhleb.
             Slain by Menkaure (12 damage)
             ... in an ossuary.
             The game lasted 00:06:25 (3022 turns).

Fartwhistle the Skirmisher (Gnoll Hunter)           Turns: 3022, Time: 00:06:26

Health: 0/64       AC:  9    Str: 11    XL:     8   Next: 31%
Magic:  12/12      EV: 14    Int: 10    God:    Makhleb [**....]
Gold:   132        SH:  5    Dex: 16    Spells: 10/13 levels left

rFire   . . .        t - +3 scythe (venom)
rCold   . . .        (shield currently unavailable)
rNeg    . . .        c - +0 leather armour
rPois   .            (no helmet)
rElec   .            j - +1 cloak
rCorr   .            m - +0 pair of gloves
SInv    .            B - +2 pair of boots
Will    .....        u - amulet of reflection
Stlth   ++           (no ring)
HPRegen 0.30/turn    (no ring)
MPRegen 0.13/turn

%: reflection
@: marked
A: fangs 1, strong nose, distributed training
a: Renounce Religion, Minor Destruction


You were in an ossuary.
You worshipped Makhleb.
Makhleb was pleased with you.
You visited 1 branch of the dungeon, and saw 4 of its levels.
You also visited: Ossuary.

You collected 132 gold pieces.

Inventory:

Hand Weapons
 a - a +0 shortbow
 t - a +3 scythe of venom (weapon)
Missiles
 l - a throwing net
 q - 9 poisoned darts
Armour
 c - a +0 leather armour (worn)
 j - a +1 cloak (worn)
 m - a +0 pair of gloves (worn)
 B - a +2 pair of boots (worn)
Jewellery
 u - an amulet of reflection (around neck)
Wands
 y - a wand of roots (12)
 C - a wand of mindburst (1)
Scrolls
 b - 2 scrolls of immolation
 d - 2 scrolls of teleportation {unknown}
 h - a scroll of noise {unknown}
 s - a scroll of fear {unknown}
 v - a scroll of vulnerability {unknown}
 w - 2 scrolls of amnesia {unknown}
 z - a scroll of identify {unknown}
Potions
 e - a potion of curing
 f - a potion of mutation {unknown}
 g - a potion of invisibility {unknown}
 i - a potion of flight {unknown}
 k - 3 potions of haste {unknown}
 n - a potion of resistance {unknown}
 o - 2 potions of berserk rage {unknown}
 p - a potion of degeneration {unknown}
 r - a potion of might {unknown}
 x - a potion of lignification {unknown}
 A - a potion of heal wounds {unknown}


   Skills:
 + Level 5.7 Fighting
 + Level 3.3 Short Blades
 + Level 3.3 Long Blades
 + Level 3.3 Axes
 + Level 3.3 Maces & Flails
 + Level 3.3 Polearms
 + Level 3.3 Staves
 + Level 9.2 Ranged Weapons
 + Level 3.3 Throwing
 + Level 3.3 Armour
 + Level 5.7 Dodging
 + Level 4.1 Stealth
 + Level 3.3 Shields
 + Level 3.3 Unarmed Combat
 + Level 3.3 Spellcasting
 + Level 2.6 Conjurations
 + Level 2.6 Hexes
 + Level 2.6 Summonings
 + Level 2.6 Necromancy
 + Level 2.6 Translocations
 + Level 2.6 Transmutations
 + Level 2.6 Fire Magic
 + Level 2.6 Ice Magic
 + Level 2.6 Air Magic
 + Level 2.6 Earth Magic
 + Level 2.6 Poison Magic
 + Level 3.6 Invocations
 + Level 3.3 Evocations


You had 10 spell levels left.
You knew the following spells:

 Your Spells              Type           Power      Damage    Failure   Level
a - Sting                 Tmut/Pois      28%        1d4       12%         1
b - Poisonous Vapours     Pois/Air       14%        N/A       17%         2

Your spell library contained the following spells:

 Spells                   Type           Power      Damage    Failure   Level
 Magic Dart               Conj           28%        1d4       12%         1
 Call Imp                 Summ           14%        N/A       17%         2
 Mephitic Cloud           Conj/Pois/Air  7%         N/A       34%         3
 Anguish                  Hex/Necr       3%         N/A       75%         4
 Cause Fear               Hex            3%         N/A       75%         4
 Olgreb's Toxic Radiance  Pois           7%         N/A       75%         4
 Enfeeble                 Hex            3%         N/A       100%        7


Dungeon Overview and Level Annotations

Branches:
Dungeon (4/15)             Temple (0/1) D:4         Ossuary (1/1)

Altars:
Makhleb
Trog
Wu Jian

Annotations:
Ossuary Menkaure


Innate Abilities, Weirdness & Mutations

You have very sharp teeth.
Your uncanny sense of smell can sniff out nearby items.
Your experience applies equally to all skills.


Message History

You hit the mummy.
The mummy is lightly damaged.
The mummy hits you.
You puncture the mummy!
The mummy is heavily damaged.
The mummy hits you but does no damage.
Casting: Poisonous Vapours (safe; 19% risk of failure)
Confirm with . or Enter, or press ? or * to list all spells.
Okay, then.
Okay, then.
You hit the mummy.
The mummy is severely damaged.
The mummy hits you!
You puncture the mummy!
You destroy the mummy!
Makhleb accepts your kill.
Menkaure points at you and mumbles some strange words.
Pain shoots through your body! Menkaure casts a spell at you.
Pain shoots through your body! Menkaure hits you!
You slash Menkaure! You bite Menkaure.
Menkaure is heavily damaged.
Menkaure gestures at you while chanting.
You struggle to resist.
You hit Menkaure but do no damage. You bite Menkaure, but do no damage.
Menkaure is heavily damaged.
Menkaure calls on the powers of darkness!
Your body is wracked with pain!
Menkaure shouts, "You disturbed my rest!
Die!"
Menkaure points at you and mumbles some strange words.
Pain shoots through your body!
* * * LOW HITPOINT WARNING * * *
You barely miss Menkaure.
Menkaure is heavily damaged.
Menkaure hits you.
* * * LOW HITPOINT WARNING * * *
You hit Menkaure. You bite Menkaure, but do no damage.
Menkaure is severely damaged.
Menkaure closely misses you. Menkaure hits you!
You die...

##..##..##..####..##..#
##..##..##..##∆∆##..##..
##..##..##..##∆∆∆∆##..##.
##..##..##..##∆ ∆∆ ∆##..##
##..##..##..## ∆ ∆ ##..#
##..##..##..## ∆∆ ##..
##..##..##..## ∆∆ ##.
##..##..##..######### ##
##..##..##....@MMM.... #
##..##..########################
##..##^..........................
#..##############################
.................................
#################################


You could see Menkaure (fast) and 2 mummies.

Vanquished Creatures
  Pikel (D:4)
  Sigmund (D:3)
  Edmund (D:4)
  2 lemures (D:4)
  2 orc priests (D:4)
  Ijyb (D:4)
  3 orc wizards
  A mummy (Ossuary)
  Robin (D:4)
  2 adders (D:2)
  4 gnolls
  3 dart slugs
  15 orcs
  5 endoplasms
  6 giant cockroaches
  6 gnoll zombies (Ossuary)
  7 hobgoblins
  3 kobolds
  2 quokkas
  4 ball pythons
  8 bats
  2 frilled lizards
  2 gnoll skeletons (Ossuary)
  15 goblins
  9 goblin skeletons (Ossuary)
  5 goblin zombies (Ossuary)
  2 hobgoblin skeletons (Ossuary)
  4 hobgoblin zombies (Ossuary)
  6 kobold skeletons (Ossuary)
  5 kobold zombies (Ossuary)
  An orc skeleton (Ossuary)
  2 orc zombies (Ossuary)
  4 rats
  5 rat skeletons (Ossuary)
  3 rat zombies (Ossuary)
143 creatures vanquished.

Vanquished Creatures (others)
  18 plants (D:4)
18 creatures vanquished.

Grand Total: 161 creatures vanquished

Notes
Turn   | Place    | Note
-------+----------+-------------------------------------------
     0 | D:1      | Fartwhistle the Gnoll Hunter began the quest for the Orb.
     0 | D:1      | Reached XP level 1. HP: 20/20 MP: 1/1
   120 | D:1      | Found a faded altar of an unknown god.
   132 | D:1      | Reached XP level 2. HP: 26/26 MP: 2/2
   602 | D:1      | Learned a level 1 spell: Sting
   671 | D:2      | Reached XP level 3. HP: 29/31 MP: 3/3
   715 | D:2      | Reached skill level 1 in Invocations
   879 | D:2      | Reached skill level 1 in Short Blades
   879 | D:2      | Reached skill level 1 in Long Blades
   879 | D:2      | Reached skill level 1 in Axes
   879 | D:2      | Reached skill level 1 in Maces & Flails
   879 | D:2      | Reached skill level 1 in Polearms
   879 | D:2      | Reached skill level 1 in Staves
   879 | D:2      | Reached skill level 1 in Throwing
   879 | D:2      | Reached skill level 1 in Armour
   879 | D:2      | Reached skill level 1 in Shields
   879 | D:2      | Reached skill level 1 in Unarmed Combat
   879 | D:2      | Reached skill level 1 in Spellcasting
   879 | D:2      | Reached skill level 1 in Evocations
  1102 | D:2      | Reached XP level 4. HP: 38/38 MP: 5/5
  1177 | D:2      | Found a bloodstained altar of Trog.
  1402 | D:3      | Noticed Sigmund
  1476 | D:3      | Killed Sigmund
  1477 | D:3      | Reached skill level 1 in Conjurations
  1477 | D:3      | Reached skill level 1 in Hexes
  1477 | D:3      | Reached skill level 1 in Summonings
  1477 | D:3      | Reached skill level 1 in Necromancy
  1477 | D:3      | Reached skill level 1 in Translocations
  1477 | D:3      | Reached skill level 1 in Transmutations
  1477 | D:3      | Reached skill level 1 in Fire Magic
  1477 | D:3      | Reached skill level 1 in Ice Magic
  1477 | D:3      | Reached skill level 1 in Air Magic
  1477 | D:3      | Reached skill level 1 in Earth Magic
  1477 | D:3      | Reached skill level 1 in Poison Magic
  1477 | D:3      | Reached XP level 5. HP: 43/43 MP: 5/7
  1526 | D:3      | Learned a level 2 spell: Poisonous Vapours
  1542 | D:3      | Reached XP level 6. HP: 50/50 MP: 8/8
  1652 | D:3      | Reached skill level 5 in Fighting
  1652 | D:3      | Reached skill level 5 in Dodging
  1717 | D:3      | Found a burning altar of Makhleb.
  1724 | D:3      | Became a worshipper of Makhleb the Destroyer
  2227 | D:4      | Noticed Robin
  2232 | D:4      | Killed Robin
  2232 | D:4      | Noticed Ijyb
  2239 | D:4      | Noticed Edmund
  2242 | D:4      | Killed Ijyb
  2248 | D:4      | HP: 2/51 [Edmund/+2 dire flail of venom (8)]
  2267 | D:4      | Killed Edmund
  2268 | D:4      | Reached XP level 7. HP: 22/56 MP: 10/10
  2433 | D:4      | Reached * piety under Makhleb
  2459 | D:4      | Found an ornate altar of the Wu Jian Council.
  2577 | D:4      | Noticed Pikel
  2600 | D:4      | Killed Pikel
  2601 | D:4      | Reached skill level 9 in Ranged Weapons
  2601 | D:4      | Reached XP level 8. HP: 59/63 MP: 4/12
  2632 | D:4      | Found a staircase to the Ecumenical Temple.
  2651 | D:4      | Found a sand-covered staircase.
  2659 | Ossuary  | Entered an ossuary
  2879 | Ossuary  | Reached ** piety under Makhleb
  3011 | Ossuary  | Noticed Menkaure
  3022 | Ossuary  | Slain by Menkaure

Illustrated notes

Levels and vault maps discovered:
D:1:      lemuel_arrival_muddy, layout_basic, hellmonk_ecumenical_altar_zigzags
D:2:      minmay_angry_zag, layout_basic, basic_altar
D:3:      layout_loops_ring, mainiacjoe_overflow_alcove_2,
          chequers_decorated_corner, uniq_sigmund
D:4:      minmay_clustersquares, layout_basic, mainiacjoe_overflow_chevrons,
          minmay_temple_entry_proselytizer, enter_ossuary_4, uniq_robin,
          uniq_pikel, uniq_edmund, uniq_blork_the_orc, uniq_ijyb
Ossuary:  ossuary_due_pyramid

Skill      XL: |  1  2  3  4  5  6  7 |
---------------+----------------------+-----
Invocations    | 1 2 3 |  3.6
Short Blades   | 1 2 3 |  3.3
Long Blades    | 1 2 3 |  3.3
Axes           | 1 2 3 |  3.3
Maces & Flails | 1 2 3 |  3.3
Polearms       | 1 2 3 |  3.3
Staves         | 1 2 3 |  3.3
Throwing       | 1 2 3 |  3.3
Armour         | 1 2 3 |  3.3
Shields        | 1 2 3 |  3.3
Unarmed Combat | 1 2 3 |  3.3
Spellcasting   | 1 2 3 |  3.3
Evocations     | 1 2 3 |  3.3
Stealth        | 3 4 |  4.1
Conjurations   | 1 2 |  2.6
Hexes          | 1 2 |  2.6
Summonings     | 1 2 |  2.6
Necromancy     | 1 2 |  2.6
Translocations | 1 2 |  2.6
Transmutations | 1 2 |  2.6
Fire Magic     | 1 2 |  2.6
Ice Magic      | 1 2 |  2.6
Air Magic      | 1 2 |  2.6
Earth Magic    | 1 2 |  2.6
Poison Magic   | 1 2 |  2.6
Fighting       | 5 |  5.7
Dodging        | 5 |  5.7
Ranged Weapons | 9 |  9.2

Action                     |  1- 3 |  4- 6 |  7- 9 || total
---------------------------+-------+-------+-------++-------
  Melee: Halberd           |       |    15 |   161 ||   176
         Bite              |       |       |    16 ||    16
   Fire: Shortbow          |    90 |   103 |    12 ||   205
   Cast: Poisonous Vapours |       |       |     4 ||     4
  Evoke: Wand              |       |       |     5 ||     5
    Use: Potion            |       |     2 |       ||     2
   Stab: Distracted        |       |       |     1 ||     1
 Armour: Leather armour    |     6 |    12 |    42 ||    60
  Dodge: Dodged            |    24 |    24 |    71 ||   119
  Block: Other             |       |     7 |    29 ||    36
